 Dungeon Crawl Stone Soup version 0.31-a0-204-g7da18cac08 (webtiles) character file.

Game seed: 7533041341399006034

22 qw the Shooter (level 2, 0/16 HPs)
             Began as a Deep Elf Hunter on June 27, 2023.
             Slain by a quokka (2 damage)
             ... on level 1 of the Dungeon.
             The game lasted 00:00:11 (693 turns).

qw the Shooter (Deep Elf Hunter)                     Turns: 693, Time: 00:00:11

Health: 0/16       AC:  3    Str:  8    XL:     2   Next: 68%
Magic:  4/4        EV: 12    Int: 13    God:
Gold:   72         SH:  0    Dex: 18    Spells: 1/1 levels left

rFire   . . .        a - +0 shortbow
rCold   . . .        (shield currently unavailable)
rNeg    . . .        c - +0 leather armour
rPois   .            (no helmet)
rElec   .            (no cloak)
rCorr   .            (no gloves)
SInv    .            (no boots)
Will    .....        (no amulet)
Stlth   ++           (no ring)
HPRegen 0.22/turn    (no ring)
MPRegen 0.09/turn

%: no passive effects
@: no status effects
A: no striking features
a: no special abilities


You were on level 1 of the Dungeon.
You visited 1 branch of the dungeon, and saw 1 of its levels.

You collected 72 gold pieces.


   Skills:
 - Level 1.5 Fighting
 + Level 6.4 Ranged Weapons
 - Level 2.4 Dodging
 - Level 1.2 Stealth


You had one spell level left.
You didn't know any spells.
Your spell library was empty.

Inventory:

Hand Weapons
 a - a +0 shortbow (weapon)
Armour
 c - a +0 leather armour (worn)
 e - a scarf of invisibility
Jewellery
 h - a ring of resist corrosion
Scrolls
 b - a scroll of butterflies
 d - a scroll of teleportation {unknown}
 f - 2 scrolls of blinking {unknown}
Potions
 g - a potion of invisibility {unknown}

Dungeon Overview and Level Annotations

Branches:
Dungeon (1/15)

Altars:


Message History

Enter note:
Enter note:
Enter note: You shoot an arrow.
The arrow hits the bat.
You kill the bat!
You shoot an arrow. The arrow hits the hobgoblin.
The hobgoblin is heavily wounded.
You shoot an arrow. The arrow hits the hobgoblin.
You kill the hobgoblin!
There is a stone staircase leading down here.
There is a stone staircase leading down here.
A quokka comes into view.
Enter note:
Enter note:
Enter note: You shoot an arrow.
The arrow hits the quokka but does no damage.
You shoot an arrow. The arrow closely misses the quokka.
The quokka closely misses you.
You shoot an arrow. The arrow hits the quokka.
The quokka is lightly wounded.
The quokka barely misses you.
You shoot an arrow. The arrow misses the quokka.
The quokka bites you. The quokka closely misses you.
You shoot an arrow. The arrow closely misses the quokka.
The quokka bites you.
You shoot an arrow. The arrow closely misses the quokka.
The quokka misses you. The quokka bites you.
You shoot an arrow. The arrow hits the quokka.
The quokka is almost dead.
The quokka bites you.
You shoot an arrow. The arrow closely misses the quokka.
The quokka bites you.
You shoot an arrow. The arrow closely misses the quokka.
The quokka bites you. The quokka closely misses you.
You shoot an arrow. The arrow misses the quokka.
The quokka barely misses you.
You shoot an arrow. The arrow closely misses the quokka.
The quokka bites you.
You die...

.............#
.............#
..#######..8.#
..#hhkDy#....#
..#######..8.#
.............# #
.8.......8.###
####.#
###.8.8.####
#.r..# #####.###
#@# ....#..# #.#
.#####.# #######.#
.#####.# #.......#
.......# #.####..#
..####.# #.####..#
...###.###.#.....#
.............##.##
...###.###.####.#


You could see a quokka.

Vanquished Creatures
  3 endoplasms (D:1)
  A giant cockroach (D:1)
  2 goblins (D:1)
  4 hobgoblins (D:1)
  A quokka (D:1)
  3 ball pythons (D:1)
  3 bats (D:1)
  A frilled lizard (D:1)
  3 kobolds (D:1)
  A rat (D:1)
22 creatures vanquished.

Notes
Turn   | Place    | Note
-------+----------+-------------------------------------------
     0 | D:1      | qw the Deep Elf Hunter began the quest for the Orb.
     0 | D:1      | Reached XP level 1. HP: 12/12 MP: 3/3
     0 | D:1      | 0 ||| qw: Version: 0.3-a-22-g0ed2b0b
     0 | D:1      | 0 ||| qw: Game counter: 6582
     0 | D:1      | 0 ||| qw: Melee chars always use a shield: true
     0 | D:1      | 0 ||| qw: God list: Okawaru
     0 | D:1      | 0 ||| qw: Allow faded altars: false
     0 | D:1      | 0 ||| qw: Do Orc after clearing Dungeon:15 true
     0 | D:1      | 0 ||| qw: Do second Lair branch before Depths: true
     0 | D:1      | 0 ||| qw: Lair rune preference: random
     0 | D:1      | 0 ||| qw: Goals: Normal
     0 | D:1      | 0 ||| PLANNING D:1-11
     6 | D:1      | Noticed a lindwurm
     6 | D:1      | Noticed a killer bee
     7 | D:1      | Noticed a four-headed hydra
     8 | D:1      | Noticed a black bear
   177 | D:1      | Reached skill level 6 in Ranged Weapons
   177 | D:1      | Reached XP level 2. HP: 16/16 MP: 4/4
   690 | D:1      | HP: 4/16 [quokka (4)]
   693 | D:1      | Slain by a quokka

Levels and vault maps discovered:
D:1:      onia_arrival_zoo_common, layout_loops_cross, chequers_avenue,
          nicolae_figureground_pulse

Skill      XL: |  1 |
---------------+----+-----
Ranged Weapons | 6 |  6.4
Fighting       | |  1.5
Dodging        | |  2.4
Stealth        | |  1.2

Action                     || total
---------------------------++-------
   Fire: Shortbow          ||    46
  Dodge: Dodged            ||     8

Table legend:
 A = Non-vault XP
 B = Vault XP
 C = Vault XP percentage of total XP
 D = Non-vault monster count
 E = Vault monster count
 F = Vault count percentage of total count
                 A         B        C        D         E       F
            +---------+---------+-------+---------+---------+-------
      Total |      32 |       0 |   0.0 |      22 |       0 |   0.0
            +---------+---------+-------+---------+---------+-------
        D:1 |      32 |       0 |   0.0 |      22 |       0 |   0.0
            +---------+---------+-------+---------+---------+-------
